 Dungeon Crawl Stone Soup version 0.26-a0-1025-g006ef2cfcc (webtiles) character file.

Game seed: 16732110342754440240

11 Ijustatesigmund the Shield-Bearer (level 2, -9/21 HPs)
             Began as an Octopode Fighter on Dec 9, 2020.
             Mangled by Sigmund
             ... wielding a +0 scythe
              (12 damage)
             ... on level 2 of the Dungeon.
             The game lasted 00:00:48 (758 turns).

Ijustatesigmund the Shield-Bearer (Octopode Fighter) Turns: 758, Time: 00:00:48

Health: -9/21      AC:  1    Str: 15    XL:     2   Next: 25%
Magic:  2/2        EV: 11    Int: 10    God:
Gold:   40         SH:  8    Dex: 11    Spells: 1/1 levels left

rFire    . . .     SeeInvis .   a - +0 war axe
rCold    . . .     Faith    .   b - +0 kite shield
rNeg     . . .     Spirit   .   (helmet restricted)
rPois    .         Reflect  .   (no amulet)
rElec    .         Harm     .   (no ring)
rCorr    .         Rampage  .   (no ring)
Will     .....                  (no ring)
Stlth    ++........             (no ring)
HPRegen  0.07/turn              (no ring)
MPRegen  0.08/turn              (no ring)
                                (no ring)
                                (no ring)

@: mighty
A: almost no armour, stealthy swim, amphibious, 8 rings, constrict 8, camouflage
1, gelatinous body 1
a: no special abilities


You were on level 2 of the Dungeon.
You visited 1 branch of the dungeon, and saw 2 of its levels.

You collected 40 gold pieces.

Inventory:

Hand Weapons
 a - a +0 war axe (weapon)
Missiles
 g - 10 poisoned darts (quivered)
Armour
 b - a +0 kite shield (worn)
Scrolls
 d - a scroll of remove curse {unknown}
 e - 4 scrolls of identify {unknown}


   Skills:
 - Level 3.0 Fighting
 + Level 2.9 Axes
 - Level 3.0 Dodging
 - Level 3.0 Shields


You had one spell level left.
You didn't know any spells.
Your spell library was empty.

Dungeon Overview and Level Annotations

Branches:
Dungeon (2/15)

Altars:

Annotations:
D:2 Sigmund


Innate Abilities, Weirdness & Mutations

You cannot wear most types of armour.
You are very stealthy in the water. (Stealth+)
You are amphibious.
You can wear up to eight rings at the same time.
You can use your tentacles to constrict eight enemies at once.
Your skin changes colour to match your surroundings (Stealth+).
Your rubbery body absorbs attacks. (AC +1, EV +1)


Message History

Deactivating autopickup; reactivate with Ctrl-A.
You closely miss the kobold. Your grab misses the kobold.
You barely miss the giant cockroach. You completely miss something.
The giant cockroach barely misses you.
You hear some strange, mumbled words.
A puff of flame appears from out of thin air!
The puff of flame hits you!
* * * LOW HITPOINT WARNING * * *
The kobold barely misses you. You block the jackal's attack.
You block the giant cockroach's attack. Something hits you.
* * * LOW HITPOINT WARNING * * *
You are too injured to fight recklessly!
It was a potion of cancellation.
You feel magically purged. The jackal misses you.
You block the kobold's attack. You block the giant cockroach's attack.
You feel very mighty all of a sudden. You block the jackal's attack.
The jackal closely misses you. You block the kobold's attack.
Something hits you!
Ouch! That really hurt!
You die...

#.# .h. #.# #.# .#
##.######## #.# .#
#.......... ..##.##
#..##########.#...###
#..########......$..#.
#.....)......<........
##.#######..#.hh.....)
#.# #..#.@B...... #..
.......K{...... ###
###..###.g....# #...
....... #...# ###<...
#.... .... #...## #..
..


You could see 2 jackals, a giant cockroach, a hobgoblin and a kobold.

Vanquished Creatures
  A dart slug (D:1)
  2 goblins (D:1)
  A hobgoblin (D:1)
  A kobold (D:2)
  4 rats (D:1)
9 creatures vanquished.

Notes
Turn   | Place    | Note
-------+----------+-------------------------------------------
     0 | D:1      | Ijustatesigmund the Octopode Fighter began the quest for
                  | the Orb.
     0 | D:1      | Reached XP level 1. HP: 16/16 MP: 1/1
   390 | D:1      | Reached XP level 2. HP: 19/21 MP: 2/2
   751 | D:2      | Noticed Sigmund
   758 | D:2      | Mangled by Sigmund

Illustrated notes

Levels and vault maps discovered:
D:1:      psy_arrival_conway, layout_basic
D:2:      layout_loops_ring, old_standard_altar, uniq_natasha, uniq_sigmund

Action                   || total
-------------------------++-------
Melee: War axe           ||    17
       Constrict         ||     5
       Tentacles         ||     3
  Use: Potion            ||     2
Dodge: Dodged            ||    12
Block: Kite shield       ||    11

Table legend: (Time is in decaauts)
 A = Elapsed time spent in this place.
 B = Non-inter-level travel time spent in this place.
 C = Inter-level travel time spent in this place.
 D = Time resting spent in this place.
 E = Time spent auto-exploring this place.
 F = Levels seen in this place.
 G = Mean time per level.
                   A        B        C        D        E       F      G
               +--------+--------+--------+--------+--------+-----+--------+
         Total |    765 |    752 |     13 |      0 |    678 |   2 |  382.5 |
       Dungeon |    765 |    752 |     13 |      0 |    678 |   2 |  382.5 |
               +--------+--------+--------+--------+--------+-----+--------+

Top non-repeatable levels by time:
     D:1: 730 daAuts
     D:2: 35 daAuts
